 Dungeon Crawl Stone Soup version 0.28-a0-43-g560ac104fe (webtiles) character file.

Game seed: 2679089284581532176

5473 Lekart the Fighter (level 10, -4/94 HPs)
             Began as a Purple Draconian Chaos Knight on July 28, 2021.
             Was a Plaything of Xom.
             Slain by an ettin (33 damage)
             ... on level 1 of the Orcish Mines.
             The game lasted 00:17:39 (9105 turns).

Lekart the Fighter (Purple Draconian Chaos Knight)  Turns: 9105, Time: 00:17:39

Health: -4/94      AC:  7    Str: 17    XL:     10   Next: 42%
Magic:  10/10      EV: 14    Int: 12    God:    Xom [..*...]
Gold:   422        SH:  4    Dex: 12    Spells: 9/9 levels left

rFire   . . .      SeeInvis .   c - +2 short sword (distort)
rCold   . . .      Faith    .   (no shield)
rNeg    . . .      Spirit   .   (armour unavailable)
rPois   .          Reflect  .   (helmet restricted)
rElec   +          Harm     .   (no cloak)
rCorr   .          Rampage  .   (no gloves)
Will    ++...                   (no boots)
Stlth   +.........              j - amulet of the acrobat
HPRegen 0.25/turn               e - ring of Liberty {rElec Will+}
MPRegen 0.12/turn               d - ring of wizardry

@: unable to read, flying
A: breathe power, AC +7, unfitting armour, cold-blooded, big wings, horns 1,
large bone plates 1, wild magic 1, inability to read while threatened,
MP-powered wands
a: Breathe Dispelling Energy, Renounce Religion


You were on level 1 of the Orcish Mines.
You worshipped Xom.
You were a toy of Xom.
You visited 2 branches of the dungeon, and saw 11 of its levels.

You collected 422 gold pieces.

Inventory:

Hand Weapons
 a - a +0 falchion of chaos
 c - a +2 short sword of distortion (weapon)
Jewellery
 d - a ring of wizardry (right hand)
 e - the ring of Liberty (left hand) {rElec Will+}
   (You found it on level 4 of the Dungeon)

   [ring of willpower]

   rElec:     It insulates you from electricity.
   Will:      It increases your willpower.
 j - an amulet of the acrobat (around neck)
 p - a ring of willpower
Wands
 f - a wand of mindburst (18)
 k - a wand of flame (9)
 n - a wand of paralysis (11)
 o - a wand of iceblast (17)
Scrolls
 b - 2 scrolls of teleportation
 g - 2 scrolls of blinking
 h - 7 scrolls of identify
 l - a scroll of acquirement {unknown}
 m - 2 scrolls of noise {unknown}
 q - a scroll of fear
Potions
 i - 2 potions of might


   Skills:
 * Level 10.3 Fighting
 + Level 9.6(9.9) Short Blades
 + Level 3.3(7.0) Long Blades
 + Level 7.1 Dodging
 + Level 2.3 Shields
 + Level 2.3 Evocations


You had 9 spell levels left.
You didn't know any spells.
Your spell library contained the following spells:

 Spells                   Type           Power      Damage    Failure   Level
 Sandblast                Erth           0%         2d4       17%         1
 Summon Small Mammal      Summ           0%         N/A       17%         1
 Passwall                 Tmut/Erth      0%         N/A       26%         2
 Slow                     Hex            0%         N/A       26%         2
 Confusing Touch          Hex            0%         N/A       43%         3
 Petrify                  Tmut/Erth      0%         N/A       80%         4
 Lee's Rapid Deconstruct  Erth           0%         3d5*      98%         5
 Metabolic Englaciation   Hex/Ice        0%         N/A       98%         5
 Yara's Violent Unravell  Hex/Tmut       0%         3d3       98%         5
 Statue Form              Tmut/Erth      0%         N/A       100%        6


Dungeon Overview and Level Annotations

Branches:
Dungeon (10/15)            Temple (0/1) D:6             Orc (1/2) D:9
   Lair: D:8-11

Altars:
Cheibriados
Elyvilon
Hepliaklqana
Qazlal
Sif Muna
Wu Jian
Xom
The Shining One

Shops:
D:10 :

Annotations:
Abyss:1 Crazy Yiuf, Maggie


Innate Abilities, Weirdness & Mutations

You can breathe bolts of dispelling energy.
Your rich purple scales are hard. (AC +7)
You cannot fit into any form of body armour.
You are cold-blooded and may be slowed by cold attacks.
Your large and strong wings let you fly.
You have a pair of small horns on your head.
You are partially covered in large bone plates. (SH +4)
Your spells are a little harder to cast, but a little more powerful.
You sometimes lose the ability to read scrolls when taking damage.
You expend magic power (3 MP) to strengthen your wands.


Message History

Where to? (Enter - D:10, ? - help)
What level of the Orcish Mines? (default 1, ? - help)
You see here a +0 spear.
You see here a +0 flail.
There is an open door here.
There is an open door here.
There is an open door here.
There is an open door here.
There is a staircase to the Orcish Mines here.
You fly downwards.
Welcome to the Orcish Mines!
An orc sorcerer and an ettin come into view.
The orc sorcerer shouts!
You hear a shout! x2
Found 12 gold pieces.
There is a staircase back to the Dungeon here.
An orc comes into view. It is wielding a +0 club.
The orc shouts!
Xom titters.
The orc sorcerer looks rather confused.
The orc looks rather confused.
The ettin looks rather confused.
You hear a shout!
The ettin seems less confused.
An orc warrior comes into view. It is wielding a +0 scimitar.
The ettin completely misses you. The ettin closely misses you.
You hit the ettin.
Space bends around the ettin.
You headbutt the ettin.
The ettin is moderately wounded.
You hit the ettin.
Space bends around the ettin.
The ettin is moderately wounded.
The ettin hits you with a +0 dire flail!!!
Ouch! That really hurt!
A shower of butterflies erupts from you!
The ettin hits you with a +0 dire flail!!
You feel threatened and lose the ability to read scrolls!
You hear a shout! x8
You are too injured to fight recklessly!
An orc comes into view. It is wielding a +0 club.
There is a staircase back to the Dungeon here.
The orc sorcerer seems less confused.
The ettin hits you with a +0 dire flail!!
You die...
Xom guffaws!

## # .# .##.
....... .
.#....# ... ##
......#
.....#.##.b....#
.......@C..bo...
..........o...o.
#.........b...o.
###.o.....##....
#.##....# ...
#.. #...## ..
.$# .#.## # .o
#####


You could see an ettin (ally target), an orc sorcerer, an orc warrior and 4
orcs.

Vanquished Creatures
  A two-headed ogre (D:9)
  A hornet (D:9)
  A shadow (D:9)
  Sigmund (D:2)
  4 yaks (D:10)
  Menkaure (D:5)
  A warg (D:9)
  2 water moccasins (D:9)
  An ice beast (D:6)
  A necrophage (D:6)
  2 orc warriors (D:9)
  2 ogres
  A phantom (D:5)
  Blork the orc (D:6)
  A bullfrog (D:4)
  3 scorpions
  A wyvern skeleton (D:6)
  4 killer bees (D:9)
  2 howler monkeys (D:7)
  A centaur zombie (D:9)
  4 orc priests
  2 gnoll shamans
  4 hounds
  2 iguanas
  6 orc wizards
  Robin (D:2)
  A howler monkey zombie (D:9)
  16 gnolls
  3 adders
  An ufetubus (D:5)
  3 worms
  2 dart slugs (D:1)
  17 orcs
  11 endoplasms
  6 giant cockroaches
  11 goblins
  7 hobgoblins
  11 jackals
  6 quokkas
  9 ball pythons
  2 bats
  3 frilled lizards
  13 kobolds
  2 rats (D:2)
175 creatures vanquished.

Vanquished Creatures (collateral kills)
  2 orc warriors (D:9)
  An orc (D:9)
3 creatures vanquished.

Vanquished Creatures (others)
  A plant (D:4)
1 creature vanquished.

Grand Total: 179 creatures vanquished

Notes
Turn   | Place    | Note
-------+----------+-------------------------------------------
     0 | D:1      | Lekart the Draconian Chaos Knight began the quest for the
                  | Orb.
     0 | D:1      | Reached XP level 1. HP: 19/19 MP: 1/1
   121 | D:1      | Reached XP level 2. HP: 27/27 MP: 2/2
   244 | D:1      | XOM: noise
   300 | D:1      | Reached skill level 4 in Fighting
   358 | D:1      | XOM: divination: detect items
   401 | D:1      | Reached XP level 3. HP: 33/33 MP: 3/3
   531 | D:1      | XOM: cloud trail
   932 | D:2      | Noticed Robin
   933 | D:2      | XOM: potion effect (might)
   943 | D:2      | Killed Robin
   944 | D:2      | Reached skill level 1 in Short Blades
  1019 | D:2      | XOM: 1-stop teleportation journey
  1025 | D:2      | Reached XP level 4. HP: 34/41 MP: 4/4
  1127 | D:2      | Noticed Sigmund
  1137 | D:2      | Killed Sigmund
  1138 | D:2      | Reached skill level 5 in Fighting
  1138 | D:2      | Reached XP level 5. HP: 33/48 MP: 5/5
  1488 | D:2      | XOM: smoke on damage
  1679 | D:2      | XOM: scenery: summon butterflies
  2031 | D:3      | XOM: 1-stop teleportation journey
  2036 | D:3      | Reached XP level 6. HP: 49/56 MP: 6/6
  2543 | D:3      | Found a hazy altar of Hepliaklqana.
  2634 | D:3      | XOM: give mutations
  2634 | D:3      | Gained mutation: You have a pair of small horns on your
                  | head. [Xom's grace]
  2634 | D:3      | Gained mutation: Your spells are a little harder to cast,
                  | but a little more powerful. [Xom's grace]
  2686 | D:4      | Noticed an orc warrior
  2701 | D:4      | XOM: cast spell 'Death Channel'
  2724 | D:3      | HP: 1/56 [orc warrior (9)]
  2727 | D:3      | Xom revived you
  2730 | D:3      | XOM: summons 2 friendly demons
  2753 | D:3      | Banished an orc warrior
  3072 | D:3      | Your scales start taking on a rich purple colour.
  3072 | D:3      | Reached XP level 7. HP: 37/62 MP: 7/7
  3209 | D:4      | XOM: polymorph scorpion -> scorpion
  3230 | D:3      | XOM: scenery: summon butterflies
  3545 | D:4      | Reached skill level 6 in Fighting
  3641 | D:4      | Identified the ring of Liberty {rElec Will+}
  3871 | D:4      | Reached skill level 5 in Short Blades
  4087 | D:4      | Found an ornate altar of the Wu Jian Council.
  4087 | D:4      | Found a stormy altar of Qazlal.
  4093 | D:4      | Found a faded altar of an unknown god.
  4095 | D:4      | Found a white marble altar of Elyvilon.
  4097 | D:4      | Found a faded altar of an unknown god.
  4129 | D:5      | Entered Level 5 of the Dungeon
  4359 | D:5      | Noticed Menkaure
  4360 | D:5      | XOM: confuse monster(s)
  4366 | D:5      | Killed Menkaure
  4399 | D:5      | Reached XP level 8. HP: 71/71 MP: 8/8
  4484 | D:5      | Reached skill level 7 in Fighting
  4490 | D:5      | Reached skill level 1 in Evocations
  4775 | D:5      | XOM is BORED!
  4775 | D:5      | XOM: summons 1 hostile shadow creature
  4837 | D:5      | XOM: cast spell 'Olgreb's Toxic Radiance'
  4878 | D:5      | XOM: god gift: book of Misfortune
  4984 | D:5      | Found a runed translucent door.
  4985 | D:5      | Noticed Crazy Yiuf
  5019 | D:5      | Banished Crazy Yiuf
  5223 | D:6      | Reached skill level 5 in Dodging
  5264 | D:6      | XOM: scenery: create altars
  5397 | D:6      | XOM: give mutations
  5397 | D:6      | Gained mutation: You expend magic power (3 MP) to
                  | strengthen your wands. [Xom's grace]
  5397 | D:6      | Gained mutation: Your large and strong wings let you fly.
                  | [Xom's grace]
  5397 | D:6      | Gained mutation: You are partially covered in large bone
                  | plates. (SH +4) [Xom's grace]
  5436 | D:6      | XOM: god gift: scale mail {god gift}
  5440 | D:6      | Found a staircase to the Ecumenical Temple.
  5520 | D:6      | Noticed Blork the orc
  5535 | D:6      | Killed Blork the orc
  5623 | D:6      | Noticed Maggie
  5632 | D:6      | Banished Maggie
  5633 | D:6      | Reached skill level 8 in Fighting
  5633 | D:6      | Reached XP level 9. HP: 74/81 MP: 9/9
  5933 | D:7      | XOM: stealth player
  5987 | D:7      | XOM: 3-stop teleportation journey
  6101 | D:8      | XOM: noise
  6877 | D:7      | You are sucked into a shaft and drop 2 floors!
  6907 | D:9      | Found a shimmering altar of Xom.
  6985 | D:9      | Found a shimmering blue altar of Sif Muna.
  7041 | D:9      | Got Sif Muna's Catalogue of the Escort
  7073 | D:9      | Found a glowing golden altar of the Shining One.
  7074 | D:9      | Noticed a two-headed ogre
  7096 | D:9      | XOM: butterfly on damage
  7315 | D:9      | XOM: summons 4 friendly demons
  7324 | D:9      | Reached skill level 9 in Fighting
  7324 | D:9      | Reached skill level 1 in Shields
  7425 | D:9      | XOM: god gift: runed leather armour {god gift}
  7623 | D:9      | Found a staircase to the Orcish Mines.
  7626 | D:9      | XOM: potion effect (brilliance)
  7627 | D:9      | Killed a two-headed ogre
  7627 | D:9      | XOM: enchant monster (good)
  7640 | D:9      | Reached XP level 10. HP: 85/91 MP: 10/10
  7652 | D:9      | XOM: enchant monster (bad)
  7661 | D:9      | XOM: divination: magic mapping
  7986 | D:9      | XOM is BORED!
  8559 | D:9      | Found a snail-covered altar of Cheibriados.
  8625 | D:10     | Entered Level 10 of the Dungeon
  8715 | D:10     | Found Anu Gemy's Book Emporium.
  8737 | D:10     | XOM: give mutations
  8737 | D:10     | Gained mutation: You sometimes lose the ability to read
                  | scrolls when taking damage. [Xom's mischief]
  8741 | D:10     | Reached skill level 10 in Fighting
  8881 | D:10     | XOM: blink monster(s)
  8883 | D:10     | XOM: noise
  8890 | D:10     | XOM: blink monster(s)
  8899 | D:10     | XOM: potion effect (curing)
  8903 | D:10     | XOM: cast spell 'Call Canine Familiar'
  9100 | Orc:1    | Entered Level 1 of the Orcish Mines
  9100 | Orc:1    | Noticed an orc sorcerer
  9100 | Orc:1    | Noticed an ettin
  9101 | Orc:1    | XOM: confuse monster(s)
  9103 | Orc:1    | XOM: butterfly on damage
  9105 | Orc:1    | Slain by an ettin

Illustrated notes

Levels and vault maps discovered:
D:1:      minmay_arrival_radiant_lines, layout_rooms, minmay_bisected
D:2:      layout_loops_ring, uniq_sigmund, uniq_robin
D:3:      layout_rooms, worldfamousw_hep_ancestral_shrine
D:4:      layout_cave_pools, chequers_temple_overflow_minitemple,
          hangedman_abyss_or_decor_slice, corexii_shack, hangedman_glass_garden
D:5:      layout_basic, uniq_menkaure, uniq_crazy_yiuf_cottage
D:6:      layout_cave_pods, minmay_temple_entry_grid, uniq_blork_the_orc,
          uniq_maggie
D:7:      layout_layer_cave, mainiacjoe_overflow_alcove_2
D:8:      layout_cave_pods, dpeg_oklobed_lair, serial_bayou_pond_c
D:9:      layout_roguey, lemuel_tele_altar, xom_teletrap_fun, marbit_many_paths,
          led_sif_book, david_orc_1_choice
D:10:     layout_loops_ring, mainiacjoe_overflow_concentric_impassable,
          serial_shops, nicolae_shop_stone
Orc:1:    layout_diamond_mine

Skill      XL: |  1  2  3  4  5  6  7  8  9 10 |
---------------+-------------------------------+-----
Fighting       | 4 5 6 8 9 10 | 10.3
Short Blades   | 1 3 4 5 7 9 |  9.6
Dodging        | 3 4 5 6 7 |  7.1
Evocations     | 1 2 |  2.3
Shields        | 1 2 |  2.3
Long Blades    | |  3.3

Action                   |  1- 3 |  4- 6 |  7- 9 | 10-12 || total
-------------------------+-------+-------+-------+-------++-------
Melee: Falchion          |     9 |       |       |       ||     9
       Tailslap          |     8 |     5 |    30 |    14 ||    57
       Short sword       |    84 |    92 |   245 |    81 ||   502
       Headbutt          |       |     1 |    44 |    14 ||    59
 Abil: Breathe Dispellin |       |       |     2 |     1 ||     3
Evoke: Wand              |       |       |     5 |       ||     5
  Use: Potion            |       |     7 |     3 |       ||    10
       Scroll            |       |     6 |     2 |       ||     8
 Stab: Sleeping          |       |       |     2 |     1 ||     3
       Petrified         |       |       |     3 |       ||     3
Armor: Skin              |    28 |    28 |    48 |     6 ||   110
Dodge: Dodged            |    53 |    43 |   171 |    34 ||   301
Block: Other             |       |       |    16 |     5 ||    21
       Rpst.: Falchion   |     3 |       |       |       ||     3

Table legend: (Time is in decaauts)
 A = Elapsed time spent in this place.
 B = Non-inter-level travel time spent in this place.
 C = Inter-level travel time spent in this place.
 D = Time resting spent in this place.
 E = Time spent auto-exploring this place.
 F = Levels seen in this place.
 G = Mean time per level.
                   A        B        C        D        E       F      G
               +--------+--------+--------+--------+--------+-----+--------+
         Total |   9014 |   8684 |    330 |   1726 |   5491 |  11 |  819.5 |
       Dungeon |   9010 |   8680 |    330 |   1726 |   5491 |  10 |  901.0 |
  Orcish Mines |      4 |      4 |      0 |      0 |      0 |   1 |    4.0 |
               +--------+--------+--------+--------+--------+-----+--------+

Top non-repeatable levels by time:
     D:9: 1775 daAuts
     D:3: 1610 daAuts
     D:2: 954 daAuts
     D:5: 933 daAuts
     D:1: 901 daAuts
     D:7: 885 daAuts
     D:6: 853 daAuts
     D:4: 661 daAuts
    D:10: 404 daAuts
     D:8: 31 daAuts
   Orc:1: 4 daAuts
